 Dungeon Crawl Stone Soup version 0.30-a0-1160-g6e42c06551 (webtiles) character file.

Game seed: 153119457862472689

294 retardedninja the Firebug (level 6, 0/44 HPs)
             Began as a Gnoll Fire Elementalist on Apr 26, 2023.
             Slain by a gnoll
             ... wielding a +0 flail
              (4 damage)
             ... on level 4 of the Dungeon.
             The game lasted 00:05:36 (5047 turns).

retardedninja the Firebug (Gnoll Fire Elementalist) Turns: 5047, Time: 00:05:38

Health: 0/44       AC:  3    Str:  8    XL:     6   Next: 34%
Magic:  14/14      EV: 13    Int: 16    God:
Gold:   177        SH:  0    Dex: 12    Spells: 12/15 levels left

rFire   . . .        v - +0 war axe
rCold   . . .        (no shield)
rNeg    . . .        a - +0 robe
rPois   .            (no helmet)
rElec   .            (no cloak)
rCorr   .            q - +0 pair of gloves
SInv    .            (no boots)
Will    .....        (no amulet)
Stlth   +++          (no ring)
HPRegen 0.27/turn    (no ring)
MPRegen 0.14/turn

%: no passive effects
@: very slightly contaminated
A: fangs 1, strong nose, distributed training
a: no special abilities


You were on level 4 of the Dungeon.
You visited 1 branch of the dungeon, and saw 4 of its levels.
You also visited: Sewer.

You collected 177 gold pieces.

Inventory:

Hand Weapons
 v - a +0 war axe (weapon)
Armour
 a - a +0 robe (worn)
 q - a +0 pair of gloves (worn)
Jewellery
 e - a ring of magical power
 j - a ring of see invisible
Scrolls
 c - 6 scrolls of identify {unknown}
 f - a scroll of poison {unknown}
 g - 2 scrolls of vulnerability {unknown}
 i - a scroll of amnesia {unknown}
 n - a scroll of acquirement {unknown}
 o - a scroll of fear {unknown}
 s - 4 scrolls of teleportation {unknown}
Potions
 d - 3 potions of haste {unknown}
 h - 2 potions of curing {unknown}
 k - 2 potions of flight {unknown}
 m - a potion of attraction {unknown}
 p - 3 potions of heal wounds {unknown}
 r - 2 potions of invisibility {unknown}
 t - a potion of cancellation {unknown}
 u - a potion of might {unknown}


   Skills:
 + Level 2.0 Fighting
 + Level 2.0 Short Blades
 + Level 2.0 Long Blades
 + Level 2.0 Axes
 + Level 2.0 Maces & Flails
 + Level 2.0 Polearms
 + Level 2.0 Staves
 + Level 2.0 Ranged Weapons
 + Level 2.0 Throwing
 + Level 2.0 Armour
 + Level 5.0 Dodging
 + Level 4.6 Stealth
 + Level 2.0 Shields
 + Level 2.0 Unarmed Combat
 + Level 5.4 Spellcasting
 + Level 2.6 Conjurations
 + Level 1.5 Hexes
 + Level 1.5 Summonings
 + Level 1.5 Necromancy
 + Level 1.5 Translocations
 + Level 1.5 Transmutations
 + Level 5.6 Fire Magic
 + Level 1.5 Ice Magic
 + Level 1.5 Air Magic
 + Level 1.5 Earth Magic
 + Level 1.5 Poison Magic
 + Level 2.2 Invocations
 + Level 2.0 Evocations


You had 12 spell levels left.
You knew the following spells:

 Your Spells              Type           Power      Damage    Failure   Level
a - Foxfire               Conj/Fire      68%        2x1d7     2%          1
b - Scorch                Fire           44%        2d7       2%          2

Your spell library contained the following spells:

 Spells                   Type           Power      Damage    Failure   Level
 Inner Flame              Hex/Fire       15%        N/A       10%         3
 Volatile Blastmotes      Fire/Tloc      30%        2d12      10%         3
 Flame Wave               Conj/Fire      17%        2d7       26%         4


Dungeon Overview and Level Annotations

Branches:
Dungeon (4/15)              Sewer (visited)
 Temple: D:4-7

Altars:
Ru

Annotations:
D:3 2 runed translucent doors, Sleet's ghost, weakling TrFi


Innate Abilities, Weirdness & Mutations

You have very sharp teeth.
Your uncanny sense of smell can sniff out nearby items.
Your experience applies equally to all skills.


Message History

Your Armour skill increases to level 2!
Your Shields skill increases to level 2!
Your Unarmed Combat skill increases to level 2!
Your Evocations skill increases to level 2!
Unknown command.
Casting: Scorch (safe; 2% risk of failure)
Confirm with . or Enter, or press ? or * to list all spells.
You miscast Scorch.
You are very lightly contaminated with residual magic.
Nothing appears to happen.
The gnoll hits you with a +0 whip.
Unknown command.
Casting: Scorch (safe; 2% risk of failure)
Confirm with . or Enter, or press ? or * to list all spells.
Flames lash the gnoll.
The gnoll is moderately wounded.
The gnoll's fire resistance burns away.
The gnoll misses you.
Unknown command.
Casting: Scorch (safe; 2% risk of failure)
Confirm with . or Enter, or press ? or * to list all spells.
Flames lash the gnoll.
The gnoll is heavily wounded.
The gnoll's fire resistance burns away.
The gnoll barely misses you.
Unknown command.
Casting: Scorch (safe; 2% risk of failure)
Confirm with . or Enter, or press ? or * to list all spells.
Flames lash the gnoll.
The gnoll is heavily wounded.
The gnoll's fire resistance burns away.
The gnoll misses you. The gnoll barely misses you.
The gnoll hits you with a +0 flail!
Unknown command.
Casting: Scorch (safe; 2% risk of failure)
Confirm with . or Enter, or press ? or * to list all spells.
You don't have enough magic to cast this spell.
Unknown command.
Magic courses through your body.
The gnoll is no longer more vulnerable to fire.
The gnoll hits you from afar with a +0 halberd!
* * * LOW HITPOINT WARNING * * *
The gnoll hits you with a +0 flail.
You die...

....................##..###
......##.............#..#
......##...............##
......................##
.......#..............#
......##..............#
.......##.........#.###
...#>. ..........### # ∆
#.##...@g# ##.g†## #..gg
......# ........
..........# ...........
............


You could see 4 gnolls.

Vanquished Creatures
  4 jellies (Sewer)
  Natasha (D:4)
  6 adders
  A river rat (Sewer)
  4 worms
  A dart slug (D:1)
  An orc (D:3)
  6 ball pythons
  2 bats (D:1)
  5 endoplasms
  8 giant cockroaches
  7 goblins
  7 hobgoblins
  3 jackals (D:3)
  7 kobolds
  A quokka (D:1)
  7 frilled lizards
  7 rats
78 creatures vanquished.

Vanquished Creatures (others)
  377 foxfires
377 creatures vanquished.

Grand Total: 455 creatures vanquished

Notes
Turn   | Place    | Note
-------+----------+-------------------------------------------
     0 | D:1      | retardedninja the Gnoll Fire Elementalist began the quest
                  | for the Orb.
     0 | D:1      | Reached XP level 1. HP: 13/13 MP: 6/6
   237 | D:1      | Reached XP level 2. HP: 19/19 MP: 4/7
  1199 | D:1      | Reached skill level 5 in Spellcasting
  1199 | D:1      | Reached XP level 3. HP: 25/25 MP: 5/9
  1528 | D:2      | Reached skill level 1 in Invocations
  1538 | D:2      | HP: 1/25 [worm (11)]
  2265 | D:2      | Reached skill level 1 in Fighting
  2265 | D:2      | Reached skill level 1 in Short Blades
  2265 | D:2      | Reached skill level 1 in Long Blades
  2265 | D:2      | Reached skill level 1 in Axes
  2265 | D:2      | Reached skill level 1 in Maces & Flails
  2265 | D:2      | Reached skill level 1 in Polearms
  2265 | D:2      | Reached skill level 1 in Staves
  2265 | D:2      | Reached skill level 1 in Ranged Weapons
  2265 | D:2      | Reached skill level 1 in Throwing
  2265 | D:2      | Reached skill level 1 in Armour
  2265 | D:2      | Reached skill level 1 in Shields
  2265 | D:2      | Reached skill level 1 in Unarmed Combat
  2265 | D:2      | Reached skill level 1 in Evocations
  3063 | D:3      | Reached XP level 4. HP: 31/32 MP: 7/11
  3115 | D:3      | Learned a level 2 spell: Scorch
  3141 | D:3      | Found a faded altar of an unknown god.
  3158 | D:3      | Found a sacrificial altar of Ru.
  3278 | D:3      | Found a glowing drain.
  3308 | Sewer    | Entered a sewer
  3622 | Sewer    | Reached skill level 1 in Hexes
  3622 | Sewer    | Reached skill level 1 in Summonings
  3622 | Sewer    | Reached skill level 1 in Necromancy
  3622 | Sewer    | Reached skill level 1 in Translocations
  3622 | Sewer    | Reached skill level 1 in Transmutations
  3622 | Sewer    | Reached skill level 1 in Ice Magic
  3622 | Sewer    | Reached skill level 1 in Air Magic
  3622 | Sewer    | Reached skill level 1 in Earth Magic
  3622 | Sewer    | Reached skill level 1 in Poison Magic
  3763 | Sewer    | Reached XP level 5. HP: 37/37 MP: 7/12
  3989 | Sewer    | Found a viscous altar of Jiyva.
  4074 | Sewer    | Reached XP level 6. HP: 44/44 MP: 11/14
  4370 | D:3      | Found a large runed translucent door.
  4372 | D:3      | Found a large runed translucent door.
  4412 | D:3      | Noticed Sleet's ghost (weakling TrFi)
  4926 | D:4      | Reached skill level 5 in Dodging
  5033 | D:4      | Noticed Natasha
  5042 | D:4      | Killed Natasha
  5047 | D:4      | Slain by a gnoll

Illustrated notes

Levels and vault maps discovered:
D:1:      dpeg_arrival_concentric_ovals, layout_basic
D:2:      layout_loops_ring, minmay_octomino_j4
D:3:      layout_loops_cross, nicolae_overflow_hidden_temple,
          portal_sewer_entry_b, hellmonk_ecumenical_altar_run_dry,
          ebering_ghost_disaster_area
D:4:      layout_cave_pools, serial_shops, nicolae_shop_tiny_waterfront,
          gammafunk_ghost_cemetery, kennysheep_generic_room_10, uniq_eustachio,
          uniq_natasha, uniq_sigmund

Skill      XL: |  1  2  3  4  5  6 |
---------------+-------------------+-----
Conjurations   | 2 |  2.6
Spellcasting   | 5 |  5.4
Invocations    | 1 2 |  2.2
Fighting       | 1 2 |  2.0
Short Blades   | 1 2 |  2.0
Long Blades    | 1 2 |  2.0
Axes           | 1 2 |  2.0
Maces & Flails | 1 2 |  2.0
Polearms       | 1 2 |  2.0
Staves         | 1 2 |  2.0
Ranged Weapons | 1 2 |  2.0
Throwing       | 1 2 |  2.0
Armour         | 1 2 |  2.0
Shields        | 1 2 |  2.0
Unarmed Combat | 1 2 |  2.0
Evocations     | 1 2 |  2.0
Hexes          | 1 |  1.5
Summonings     | 1 |  1.5
Necromancy     | 1 |  1.5
Translocations | 1 |  1.5
Transmutations | 1 |  1.5
Ice Magic      | 1 |  1.5
Air Magic      | 1 |  1.5
Earth Magic    | 1 |  1.5
Poison Magic   | 1 |  1.5
Dodging        | 5 |  5.0
Stealth        | |  4.6
Fire Magic     | |  5.6

Action                     |  1- 3 |  4- 6 || total
---------------------------+-------+-------++-------
  Melee: Unarmed           |     4 |       ||     4
         Flail             |       |    10 ||    10
         Punch             |       |     1 ||     1
         Bite              |       |     1 ||     1
   Cast: Foxfire           |   116 |   105 ||   221
         Scorch            |       |     4 ||     4
    Use: Potion            |       |     1 ||     1
 Armour: Robe              |     6 |     9 ||    15
  Dodge: Dodged            |    14 |    23 ||    37

Table legend: (Time is in decaauts)
 A = Elapsed time spent in this place.
 B = Non-inter-level travel time spent in this place.
 C = Inter-level travel time spent in this place.
 D = Time resting spent in this place.
 E = Time spent auto-exploring this place.
 F = Levels seen in this place.
 G = Mean time per level.
                   A        B        C        D        E       F      G
               +--------+--------+--------+--------+--------+-----+--------+
         Total |   5081 |   4990 |     91 |    723 |   3513 |   5 | 1016.2 |
       Dungeon |   4241 |   4150 |     91 |    586 |   2970 |   4 | 1060.2 |
         Sewer |    840 |    840 |      0 |    137 |    543 |   1 |  840.0 |
               +--------+--------+--------+--------+--------+-----+--------+

Top non-repeatable levels by time:
     D:1: 2039 daAuts
     D:3: 1119 daAuts
     D:2: 936 daAuts
   Sewer: 840 daAuts
     D:4: 145 daAuts
